Workbook

Sheet Parameters
A2: Premium p.a. | B2: 4000 | D2: Year | E2: Allocation rate | F2: Commission rate | G2: Terminal Bonus rate | I2: Mortality Data
A3: Bonus rate | B3: 0.04 | D3: 1 | E3: 0.9 | F3: 0.03 | G3: 0.02 | I3: Age | J3: dx
A4: Policy fee | B4: 0.01 | D4: 2 | E4: 0.95 | F4: 0.01 | G4: 0.02 | I4: 40 | J4: 1.9
A5: Non Unit Interest | B5: 0.02 | D5: 3 | E5: 1 | F5: 0.01 | G5: 0.02 | I5: =I4+1 -> 41 | J5: 1.976
A6: Expected claim expense in INR | B6: 50 | D6: 4 | E6: 1 | F6: 0.01 | G6: 0.05 | I6: =I5+1 -> 42 | J6: 2.0748
A7: Maximum death benefit | B7: 20000 | D7: 5 | E7: 1 | F7: 0.01 | G7: 0.05 | I7: =I6+1 -> 43 | J7: 2.1993
D8: 6 | E8: 1 | F8: 0.01 | G8: 0.05 | I8: =I7+1 -> 44 | J8: 2.3532
A9: Lives aged 40 years exact | B9: 1500 | D9: 7 | E9: 1 | F9: 0.01 | G9: 0.08 | I9: =I8+1 -> 45 | J9: 2.5886
D10: 8 | E10: 1 | F10: 0.01 | G10: 0.08 | I10: =I9+1 -> 46 | J10: 2.8474
D11: 9 | E11: 1 | F11: 0.01 | G11: 0.08 | I11: =I10+1 -> 47 | J11: 3.1322
D12: 10 | E12: 1 | F12: 0.01 | G12: 0.08 | I12: =I11+1 -> 48 | J12: 3.4454
I13: =I12+1 -> 49 | J13: 3.7899
I14: =I13+1 -> 50 | J14: 4.1689
I15: =I14+1 -> 51 | J15: 4.5858
I16: =I15+1 -> 52 | J16: 5.0444
I17: =I16+1 -> 53 | J17: 5.5488
I18: =I17+1 -> 54 | J18: 6.1037
I19: =I18+1 -> 55 | J19: 6.7141
I20: =I19+1 -> 56 | J20: 7.3855
I21: =I20+1 -> 57 | J21: 8.124
I22: =I21+1 -> 58 | J22: 8.9364
I23: =I22+1 -> 59 | J23: 9.8301
I24: =I23+1 -> 60 | J24: 10.8131

Sheet Q.1)(i)
C1: Marks 2 | D1: + | E1: Marks 2 | F1: = Marks 4
B2: Mortality rate
B3: Age | C3: lx | D3: dx | E3: qx
B4: 40 | C4: =Parameters!B9 -> 1500 | D4: =Parameters!J4 -> 1.9 | E4: =D4/C4 -> 0.0012666667
B5: =B4+1 -> 41 | C5: =C4-D4 -> 1498.1 | D5: =Parameters!J5 -> 1.976 | E5: =D5/C5 -> 0.0013190041
B6: =B5+1 -> 42 | C6: =C5-D5 -> 1496.124 | D6: =Parameters!J6 -> 2.0748 | E6: =D6/C6 -> 0.0013867834
B7: =B6+1 -> 43 | C7: =C6-D6 -> 1494.0492 | D7: =Parameters!J7 -> 2.1993 | E7: =D7/C7 -> 0.0014720399
B8: =B7+1 -> 44 | C8: =C7-D7 -> 1491.8499 | D8: =Parameters!J8 -> 2.3532 | E8: =D8/C8 -> 0.0015773705
B9: =B8+1 -> 45 | C9: =C8-D8 -> 1489.4967 | D9: =Parameters!J9 -> 2.5886 | E9: =D9/C9 -> 0.0017379025
B10: =B9+1 -> 46 | C10: =C9-D9 -> 1486.9081 | D10: =Parameters!J10 -> 2.8474 | E10: =D10/C10 -> 0.0019149805
B11: =B10+1 -> 47 | C11: =C10-D10 -> 1484.0607 | D11: =Parameters!J11 -> 3.1322 | E11: =D11/C11 -> 0.0021105606
B12: =B11+1 -> 48 | C12: =C11-D11 -> 1480.9285 | D12: =Parameters!J12 -> 3.4454 | E12: =D12/C12 -> 0.0023265134
B13: =B12+1 -> 49 | C13: =C12-D12 -> 1477.4831 | D13: =Parameters!J13 -> 3.7899 | E13: =D13/C13 -> 0.0025651055
B14: =B13+1 -> 50 | C14: =C13-D13 -> 1473.6932 | D14: =Parameters!J14 -> 4.1689 | E14: =D14/C14 -> 0.0028288792
B15: =B14+1 -> 51 | C15: =C14-D14 -> 1469.5243 | D15: =Parameters!J15 -> 4.5858 | E15: =D15/C15 -> 0.0031206017
B16: =B15+1 -> 52 | C16: =C15-D15 -> 1464.9385 | D16: =Parameters!J16 -> 5.0444 | E16: =D16/C16 -> 0.003443421
... B24: =B23+1 -> 60 | C24: =C23-D23 -> 1407.2515 | D24: =Parameters!J24 -> 10.8131 | E24: =D24/C24 -> 0.0076838433

Sheet Q.1)(ii)
J5: Marks 3 - for graph
J6: (ensure all axes have been labelled)
B19: Comment: | C19: As expected, the mortality increases smoothly with age. | J19: Marks 1 for comment

Sheet Q.1)(iii)(a)
C2: Total marks: 5
E4: Marks 0.5 | F4: Marks 0.5 | G4: Marks 0.5 | H4: Marks 0.5
B5: Age | C5: End of policy year | D5: qx | E5: Number of surviving policyholders at end of year | F5: Expected cash flows on death | G5: Expected cash flows on survival | H5: Total expected cash flow
B6: 45 | C6: =1 -> 1 | D6: ='Q.1)(i)'!E9 -> 0.0017379025 | E6: =1-D6 -> 0.9982621 | F6: =D6*1 -> 0.0017379025 | G6: =IF(C6=5,E6,0) -> 0 | H6: =F6+G6 -> 0.0017379025
B7: =B6+1 -> 46 | C7: =C6+1 -> 2 | D7: ='Q.1)(i)'!E10 -> 0.0019149805 | E7: =E6*(1-D7) -> 0.99635045 | F7: =E6*D7 -> 0.0019116524 | G7: =IF(C7=5,E7,0) -> 0 | H7: =F7+G7 -> 0.0019116524
B8: =B7+1 -> 47 | C8: =C7+1 -> 3 | D8: ='Q.1)(i)'!E11 -> 0.0021105606 | E8: =E7*(1-D8) -> 0.99424759 | F8: =E7*D8 -> 0.002102858 | G8: =IF(C8=5,E8,0) -> 0 | H8: =F8+G8 -> 0.002102858
B9: =B8+1 -> 48 | C9: =C8+1 -> 4 | D9: ='Q.1)(i)'!E12 -> 0.0023265134 | E9: =E8*(1-D9) -> 0.99193446 | F9: =E8*D9 -> 0.0023131303 | G9: =IF(C9=5,E9,0) -> 0 | H9: =F9+G9 -> 0.0023131303
B10: =B9+1 -> 49 | C10: =C9+1 -> 5 | D10: ='Q.1)(i)'!E13 -> 0.0025651055 | E10: =E9*(1-D10) -> 0.98939004 | F10: =E9*D10 -> 0.0025444165 | G10: =IF(C10=5,E10,0) -> 0.98939004 | H10: =F10+G10 -> 0.99193446
D14: Ax:n | E14: Ax:n ^2 | F14: Ax:n
C15: Interest used: | D15: 0.06 | E15: =D15 -> 0.06 | F15: =(1+D15)^2-1 -> 0.1236
C16: Calculated value: | D16: =NPV(D15,$H$6:$H$10) -> 0.74816984 | E16: =D16*D16 -> 0.55975811 | F16: =NPV(F15,$H$6:$H$10) -> 0.55988567
D17: Marks 1 | F17: Marks 1
C19: Answers:
C20: Expectation: | D20: =D16 -> 0.74816984
C21: Variance | D21: =F16-E16 -> 0.00012756311 | E21: Marks 0.5
C22: Standard deviation | D22: =D21^(1/2) -> 0.011294384 | E22: Marks 0.5

Sheet Q.1)(iii)(b)
C2: Total marks: 5
E4: Marks 0.5 | H4: Marks 0.5
B5: Age | C5: End of policy year | D5: qx | E5: Number of policyholders to which annuity payment is made | F5: Expected cash flows on death | G5: Expected cash flows on survival | H5: Total expected cash flow
B6: ='Q.1)(iii)(a)'!B6 -> 45 | C6: =1 -> 1 | D6: ='Q.1)(i)'!E9 -> 0.0017379025 | E6: 1 | F6: 0 | G6: =E6 -> 1 | H6: =F6+G6 -> 1
B7: ='Q.1)(iii)(a)'!B7 -> 46 | C7: =C6+1 -> 2 | D7: ='Q.1)(i)'!E10 -> 0.0019149805 | E7: =E6*(1-D7) -> 0.99808502 | F7: 0 | G7: =E7 -> 0.99808502 | H7: =F7+G7 -> 0.99808502
B8: ='Q.1)(iii)(a)'!B8 -> 47 | C8: =C7+1 -> 3 | D8: ='Q.1)(i)'!E11 -> 0.0021105606 | E8: =E7*(1-D8) -> 0.9959785 | F8: 0 | G8: =E8 -> 0.9959785 | H8: =F8+G8 -> 0.9959785
B9: ='Q.1)(iii)(a)'!B9 -> 48 | C9: =C8+1 -> 4 | D9: ='Q.1)(i)'!E12 -> 0.0023265134 | E9: =E8*(1-D9) -> 0.99366134 | F9: 0 | G9: =E9 -> 0.99366134 | H9: =F9+G9 -> 0.99366134
B10: ='Q.1)(iii)(a)'!B10 -> 49 | C10: =C9+1 -> 5 | D10: ='Q.1)(i)'!E13 -> 0.0025651055 | E10: =E9*(1-D10) -> 0.9911125 | F10: 0 | G10: =E10 -> 0.9911125 | H10: =F10+G10 -> 0.9911125
D14: ax:n
C15: Interest used: | D15: 0.06
C16: Calculated value: | D16: =NPV(D15,$H$7:$H$10)+H6 -> 4.4473581
D17: Marks 1
C19: d | D19: =D15/(1+D15) -> 0.056603774 | E19: Marks 1
C21: Answers:
C22: Expectation: | D22: =D16 -> 4.4473581
C23: Variance | D23: ='Q.1)(iii)(a)'!D21/(D19^2) -> 0.039813864 | E23: Marks 1
C24: Standard deviation | D24: =D23^(1/2) -> 0.19953412 | E24: Marks 1

Sheet Q.1)(iv)
B1: Parameters
B3: Unit Cashflows | C3: Marks 1 | D3: Marks 1 | F3: Marks 2 | G3: Marks 1 | H3: Marks 2 | K3: Marks 2
B4: Year | C4: Premium less allocation | D4: Fund at BOY | E4: Fund at EOY wo deducting policy fee | F4: Policy fee | G4: Fund at EOY after deducting policy fee | H4: Terminal Bonus (TB) | I4: Unit fund plus TB at the end of year | J4: Surrender penalty (pc) | K4: Surrender penalty
B5: 1 | C5: =Parameters!$B$2*Parameters!E3 -> 3600 | D5: =C5 -> 3600 | E5: =D5*(1+Parameters!$B$3) -> 3744 | F5: =-E5*Parameters!$B$4 -> -37.44 | G5: =E5+F5 -> 3706.56 | H5: =G5*Parameters!G3 -> 74.1312 | I5: =G5+H5 -> 3780.6912 | J5: 0.02 | K5: =J5*G5 -> 74.1312
B6: =B5+1 -> 2 | C6: =Parameters!$B$2*Parameters!E4 -> 3800 | D6: =C6+G5 -> 7506.56 | E6: =D6*(1+Parameters!$B$3) -> 7806.8224 | F6: =-E6*Parameters!$B$4 -> -78.068224 | G6: =E6+F6 -> 7728.7542 | H6: =G6*Parameters!G4 -> 154.57508 | I6: =G6+H6 -> 7883.3293 | J6: 0.02 | K6: =J6*G6 -> 154.57508
B7: =B6+1 -> 3 | C7: =Parameters!$B$2*Parameters!E5 -> 4000 | D7: =C7+G6 -> 11728.754 | E7: =D7*(1+Parameters!$B$3) -> 12197.904 | F7: =-E7*Parameters!$B$4 -> -121.97904 | G7: =E7+F7 -> 12075.925 | H7: =G7*Parameters!G5 -> 241.51851 | I7: =G7+H7 -> 12317.444 | J7: 0.02 | K7: =J7*G7 -> 241.51851
B8: =B7+1 -> 4 | C8: =Parameters!$B$2*Parameters!E6 -> 4000 | D8: =C8+G7 -> 16075.925 | E8: =D8*(1+Parameters!$B$3) -> 16718.962 | F8: =-E8*Parameters!$B$4 -> -167.18962 | G8: =E8+F8 -> 16551.773 | H8: =G8*Parameters!G6 -> 827.58863 | I8: =G8+H8 -> 17379.361 | J8: 0.02 | K8: =J8*G8 -> 331.03545
B9: =B8+1 -> 5 | C9: =Parameters!$B$2*Parameters!E7 -> 4000 | D9: =C9+G8 -> 20551.773 | E9: =D9*(1+Parameters!$B$3) -> 21373.844 | F9: =-E9*Parameters!$B$4 -> -213.73844 | G9: =E9+F9 -> 21160.105 | H9: =G9*Parameters!G7 -> 1058.0053 | I9: =G9+H9 -> 22218.11 | J9: 0.01 | K9: =J9*G9 -> 211.60105
B10: =B9+1 -> 6 | C10: =Parameters!$B$2*Parameters!E8 -> 4000 | D10: =C10+G9 -> 25160.105 | E10: =D10*(1+Parameters!$B$3) -> 26166.509 | F10: =-E10*Parameters!$B$4 -> -261.66509 | G10: =E10+F10 -> 25904.844 | H10: =G10*Parameters!G8 -> 1295.2422 | I10: =G10+H10 -> 27200.086 | J10: 0.01 | K10: =J10*G10 -> 259.04844
B11: =B10+1 -> 7 | C11: =Parameters!$B$2*Parameters!E9 -> 4000 | D11: =C11+G10 -> 29904.844 | E11: =D11*(1+Parameters!$B$3) -> 31101.038 | F11: =-E11*Parameters!$B$4 -> -311.01038 | G11: =E11+F11 -> 30790.028 | H11: =G11*Parameters!G9 -> 2463.2022 | I11: =G11+H11 -> 33253.23 | J11: 0.01 | K11: =J11*G11 -> 307.90028
B12: =B11+1 -> 8 | C12: =Parameters!$B$2*Parameters!E10 -> 4000 | D12: =C12+G11 -> 34790.028 | E12: =D12*(1+Parameters!$B$3) -> 36181.629 | F12: =-E12*Parameters!$B$4 -> -361.81629 | G12: =E12+F12 -> 35819.812 | H12: =G12*Parameters!G10 -> 2865.585 | I12: =G12+H12 -> 38685.397 | J12: 0.01 | K12: =J12*G12 -> 358.19812
B13: =B12+1 -> 9 | C13: =Parameters!$B$2*Parameters!E11 -> 4000 | D13: =C13+G12 -> 39819.812 | E13: =D13*(1+Parameters!$B$3) -> 41412.605 | F13: =-E13*Parameters!$B$4 -> -414.12605 | G13: =E13+F13 -> 40998.479 | H13: =G13*Parameters!G11 -> 3279.8783 | I13: =G13+H13 -> 44278.357 | J13: 0.01 | K13: =J13*G13 -> 409.98479
B14: =B13+1 -> 10 | C14: =Parameters!$B$2*Parameters!E12 -> 4000 | D14: =C14+G13 -> 44998.479 | E14: =D14*(1+Parameters!$B$3) -> 46798.418 | F14: =-E14*Parameters!$B$4 -> -467.98418 | G14: =E14+F14 -> 46330.434 | H14: =G14*Parameters!G12 -> 3706.4347 | I14: =G14+H14 -> 50036.869 | J14: 0 | K14: =J14*G14 -> 0
B16: Non Unit Cashflows | C16: Marks 1 | D16: Marks 1 | E16: Marks 1 | F16: Marks 1 | H16: Marks 1 | I16: Marks 1 | J16: Marks 1 | K16: Marks 2 | L16: Marks 2 | M16: Marks 2 | N16: Marks 2 | O16: Marks 1 | P16: Marks 2 | Q16: Marks 2
B17: Year | C17: Allocation profit | D17: Expenses (Initial & Renewal) | E17: Commission (Initial & Renewal) | F17: Interest | G17: Policy fee | H17: Mortality Rate | I17: Independent Surrender Rate | J17: Dependent Surrender rate | K17: Expected Surrender profit | L17: Expected Claim expenses* | M17: Expected death cost | N17: Cashflow | O17: Probability in force | P17: Profit signature | Q17: NPV of profit
B18: 1 | C18: =Parameters!$B$2-C5 -> 400 | D18: =-400-30 -> -430 | E18: =-Parameters!$B$2*Parameters!F3 -> -120 | F18: =SUM(C18:E18)*Parameters!$B$5 -> -3 | G18: =-F5 -> 37.44 | H18: ='Q.1)(i)'!E14 -> 0.0028288792 | I18: 0.06 | J18: =(1-H18)*I18 -> 0.059830267 | K18: =J18*K5 -> 4.4352895 | L18: =-Parameters!$B$6*(H18+J18) -> -3.1329573 | M18: =-MAX(Parameters!$B$7-I5,0)*H18 -> -45.882465 | N18: =SUM(C18:G18)+K18+L18+M18 -> -160.14013 | O18: 1 | P18: =O18*N18 -> -160.14013 | Q18: =P18/(1+0.07)^B18 -> -149.66368
B19: =B18+1 -> 2 | C19: =Parameters!$B$2-C6 -> 200 | D19: -30 | E19: =-Parameters!$B$2*Parameters!F4 -> -40 | F19: =SUM(C19:E19)*Parameters!$B$5 -> 2.6 | G19: =-F6 -> 78.068224 | H19: ='Q.1)(i)'!E15 -> 0.0031206017 | I19: 0.06 | J19: =(1-H19)*I19 -> 0.059812764 | K19: =J19*K6 -> 9.245563 | L19: =-Parameters!$B$6*(H19+J19) -> -3.1466683 | M19: =-MAX(Parameters!$B$7-I6,0)*H19 -> -37.811303 | N19: =SUM(C19:G19)+K19+L19+M19 -> 178.95582 | O19: =O18*(1-H18-J18) -> 0.93734085 | P19: =O19*N19 -> 167.7426 | Q19: =P19/(1+0.07)^B19 -> 146.51288
B20: =B19+1 -> 3 | C20: =Parameters!$B$2-C7 -> 0 | D20: -30 | E20: =-Parameters!$B$2*Parameters!F5 -> -40 | F20: =SUM(C20:E20)*Parameters!$B$5 -> -1.4 | G20: =-F7 -> 121.97904 | H20: ='Q.1)(i)'!E16 -> 0.003443421 | I20: 0.06 | J20: =(1-H20)*I20 -> 0.059793395 | K20: =J20*K7 -> 14.441211 | L20: =-Parameters!$B$6*(H20+J20) -> -3.1618408 | M20: =-MAX(Parameters!$B$7-I7,0)*H20 -> -26.454275 | N20: =SUM(C20:G20)+K20+L20+M20 -> 35.404139 | O20: =O19*(1-H19-J19) -> 0.87835084 | P20: =O20*N20 -> 31.097255 | Q20: =P20/(1+0.07)^B20 -> 25.384623
B21: =B20+1 -> 4 | C21: =Parameters!$B$2-C8 -> 0 | D21: -30 | E21: =-Parameters!$B$2*Parameters!F6 -> -40 | F21: =SUM(C21:E21)*Parameters!$B$5 -> -1.4 | G21: =-F8 -> 167.18962 | H21: ='Q.1)(i)'!E17 -> 0.0038008236 | I21: 0.06 | J21: =(1-H21)*I21 -> 0.059771951 | K21: =J21*K8 -> 19.786635 | L21: =-Parameters!$B$6*(H21+J21) -> -3.1786387 | M21: =-MAX(Parameters!$B$7-I8,0)*H21 -> -9.9605854 | N21: =SUM(C21:G21)+K21+L21+M21 -> 102.43703 | O21: =O20*(1-H20-J20) -> 0.82280673 | P21: =O21*N21 -> 84.285881 | Q21: =P21/(1+0.07)^B21 -> 64.301295
B22: =B21+1 -> 5 | C22: =Parameters!$B$2-C9 -> 0 | D22: -30 | E22: =-Parameters!$B$2*Parameters!F7 -> -40 | F22: =SUM(C22:E22)*Parameters!$B$5 -> -1.4 | G22: =-F9 -> 213.73844 | H22: ='Q.1)(i)'!E18 -> 0.0041968713 | I22: 0.06 | J22: =(1-H22)*I22 -> 0.059748188 | K22: =J22*K9 -> 12.642779 | L22: =-Parameters!$B$6*(H22+J22) -> -3.1972529 | M22: =-MAX(Parameters!$B$7-I9,0)*H22 -> 0 | N22: =SUM(C22:G22)+K22+L22+M22 -> 151.78396 | O22: =O21*(1-H21-J21) -> 0.77049862 | P22: =O22*N22 -> 116.94933 | Q22: =P22/(1+0.07)^B22 -> 83.383259
B23: =B22+1 -> 6 | C23: =Parameters!$B$2-C10 -> 0 | D23: -30 | E23: =-Parameters!$B$2*Parameters!F8 -> -40 | F23: =SUM(C23:E23)*Parameters!$B$5 -> -1.4 | G23: =-F10 -> 261.66509 | H23: ='Q.1)(i)'!E19 -> 0.0046360359 | I23: 0.06 | J23: =(1-H23)*I23 -> 0.059721838 | K23: =J23*K10 -> 15.470849 | L23: =-Parameters!$B$6*(H23+J23) -> -3.2178937 | M23: =-MAX(Parameters!$B$7-I10,0)*H23 -> 0 | N23: =SUM(C23:G23)+K23+L23+M23 -> 202.51805 | O23: =O22*(1-H22-J22) -> 0.72122904 | P23: =O23*N23 -> 146.0619 | Q23: =P23/(1+0.07)^B23 -> 97.32721
B24: =B23+1 -> 7 | C24: =Parameters!$B$2-C11 -> 0 | D24: -30 | E24: =-Parameters!$B$2*Parameters!F9 -> -40 | F24: =SUM(C24:E24)*Parameters!$B$5 -> -1.4 | G24: =-F11 -> 311.01038 | H24: ='Q.1)(i)'!E20 -> 0.0051233847 | I24: 0.06 | J24: =(1-H24)*I24 -> 0.059692597 | K24: =J24*K11 -> 18.379367 | L24: =-Parameters!$B$6*(H24+J24) -> -3.2407991 | M24: =-MAX(Parameters!$B$7-I11,0)*H24 -> 0 | N24: =SUM(C24:G24)+K24+L24+M24 -> 254.74895 | O24: =O23*(1-H23-J23) -> 0.67481227 | P24: =O24*N24 -> 171.90772 | Q24: =P24/(1+0.07)^B24 -> 107.05549
B25: =B24+1 -> 8 | C25: =Parameters!$B$2-C12 -> 0 | D25: -30 | E25: =-Parameters!$B$2*Parameters!F10 -> -40 | F25: =SUM(C25:E25)*Parameters!$B$5 -> -1.4 | G25: =-F12 -> 361.81629 | H25: ='Q.1)(i)'!E21 -> 0.005664711 | I25: 0.06 | J25: =(1-H25)*I25 -> 0.059660117 | K25: =J25*K12 -> 21.370142 | L25: =-Parameters!$B$6*(H25+J25) -> -3.2662414 | M25: =-MAX(Parameters!$B$7-I12,0)*H25 -> 0 | N25: =SUM(C25:G25)+K25+L25+M25 -> 308.52019 | O25: =O24*(1-H24-J24) -> 0.63107365 | P25: =O25*N25 -> 194.69896 | Q25: =P25/(1+0.07)^B25 -> 113.31657
B26: =B25+1 -> 9 | C26: =Parameters!$B$2-C13 -> 0 | D26: -30 | E26: =-Parameters!$B$2*Parameters!F11 -> -40 | F26: =SUM(C26:E26)*Parameters!$B$5 -> -1.4 | G26: =-F13 -> 414.12605 | H26: ='Q.1)(i)'!E22 -> 0.0062666811 | I26: 0.06 | J26: =(1-H26)*I26 -> 0.059623999 | K26: =J26*K13 -> 24.444933 | L26: =-Parameters!$B$6*(H26+J26) -> -3.294534 | M26: =-MAX(Parameters!$B$7-I13,0)*H26 -> 0 | N26: =SUM(C26:G26)+K26+L26+M26 -> 363.87645 | O26: =O25*(1-H25-J25) -> 0.58984888 | P26: =O26*N26 -> 214.63211 | Q26: =P26/(1+0.07)^B26 -> 116.74565
B27: =B26+1 -> 10 | C27: =Parameters!$B$2-C14 -> 0 | D27: -30 | E27: =-Parameters!$B$2*Parameters!F12 -> -40 | F27: =SUM(C27:E27)*Parameters!$B$5 -> -1.4 | G27: =-F14 -> 467.98418 | H27: ='Q.1)(i)'!E23 -> 0.0069368624 | I27: 0 | J27: =(1-H27)*I27 -> 0 | K27: =J27*K14 -> 0 | L27: =-Parameters!B6 -> -50 | M27: =-MAX(Parameters!$B$7-I14,0)*H27 -> 0 | N27: =SUM(C27:G27)+K27+L27+M27 -> 346.58418 | O27: =O26*(1-H26-J26) -> 0.55098333 | P27: =O27*N27 -> 190.96211 | Q27: =P27/(1+0.07)^B27 -> 97.075452
B29: Because surrenders take place at the end of each year, the dependent probability of dying is the same as the independent probability. | P29: Total | Q29: =SUM(Q18:Q27) -> 701.43875 | R29: Marks 1
B30: *Year 10 expected claim expense is 50 since it is a definite maturity year

Sheet Q.1)(v)
C1: Marks 1.5 | D1: Marks 1.5 | F1: Marks 2 or | G1: Marks 2
B3: Unit Cashflows | F3: Method 1: | G3: Method 2:
B4: Year | C4: Premium paid | D4: Benefit received upon surival to maturity | E4: Net Cash flow for policyholder | F4: IRR for policyholder | G4: IRR for policyholder
B5: 0 | C5: =Parameters!$B$2 -> 4000 | D5: 0 | E5: =-C5+D5 -> -4000 | F5: =IRR(E5:E15) -> 0.040326762 | G5: =E5+G6/(1+$H$5) -> -8.2007727e-05 | H5: 0.040326762
B6: 1 | C6: =Parameters!$B$2 -> 4000 | D6: 0 | E6: =-C6+D6 -> -4000 | G6: =E6+G7/(1+$H$5) -> 4161.307
B7: =B6+1 -> 2 | C7: =Parameters!$B$2 -> 4000 | D7: 0 | E7: =-C7+D7 -> -4000 | G7: =E7+G8/(1+$H$5) -> 8490.426
B8: =B7+1 -> 3 | C8: =Parameters!$B$2 -> 4000 | D8: 0 | E8: =-C8+D8 -> -4000 | G8: =E8+G9/(1+$H$5) -> 12994.124
B9: =B8+1 -> 4 | C9: =Parameters!$B$2 -> 4000 | D9: 0 | E9: =-C9+D9 -> -4000 | G9: =E9+G10/(1+$H$5) -> 17679.443
B10: =B9+1 -> 5 | C10: =Parameters!$B$2 -> 4000 | D10: 0 | E10: =-C10+D10 -> -4000 | G10: =E10+G11/(1+$H$5) -> 22553.704
B11: =B10+1 -> 6 | C11: =Parameters!$B$2 -> 4000 | D11: 0 | E11: =-C11+D11 -> -4000 | G11: =E11+G12/(1+$H$5) -> 27624.529
B12: =B11+1 -> 7 | C12: =Parameters!$B$2 -> 4000 | D12: 0 | E12: =-C12+D12 -> -4000 | G12: =E12+G13/(1+$H$5) -> 32899.844
B13: =B12+1 -> 8 | C13: =Parameters!$B$2 -> 4000 | D13: 0 | E13: =-C13+D13 -> -4000 | G13: =E13+G14/(1+$H$5) -> 38387.895
B14: =B13+1 -> 9 | C14: =Parameters!$B$2 -> 4000 | D14: 0 | E14: =-C14+D14 -> -4000 | G14: =E14+G15/(1+$H$5) -> 44097.262
B15: =B14+1 -> 10 | D15: ='Q.1)(iv)'!I14 -> 50036.869 | E15: =-C15+D15 -> 50036.869 | G15: =E15+G16/(1+$H$5) -> 50036.869

Sheet Q.1)(vi)
C4: Value of bond | D4: 98
C7: Time line
B8: Value of bond | C8: 0 | D8: =-D4 -> -98
B9: Cash flows from bond | C9: =0.5 -> 0.5 | D9: =+IF(C9=10,100*(1+6%/2),100*6%/2) -> 3 | E9: Marks 2 - for cash flows
C10: =C9+0.5 -> 1 | D10: =+IF(C10=10,100*(1+6%/2),100*6%/2) -> 3
C11: =C10+0.5 -> 1.5 | D11: =+IF(C11=10,100*(1+6%/2),100*6%/2) -> 3
C12: =C11+0.5 -> 2 | D12: =+IF(C12=10,100*(1+6%/2),100*6%/2) -> 3
C13: =C12+0.5 -> 2.5 | D13: =+IF(C13=10,100*(1+6%/2),100*6%/2) -> 3
C14: =C13+0.5 -> 3 | D14: =+IF(C14=10,100*(1+6%/2),100*6%/2) -> 3
C15: =C14+0.5 -> 3.5 | D15: =+IF(C15=10,100*(1+6%/2),100*6%/2) -> 3
C16: =C15+0.5 -> 4 | D16: =+IF(C16=10,100*(1+6%/2),100*6%/2) -> 3
C17: =C16+0.5 -> 4.5 | D17: =+IF(C17=10,100*(1+6%/2),100*6%/2) -> 3
C18: =C17+0.5 -> 5 | D18: =+IF(C18=10,100*(1+6%/2),100*6%/2) -> 3
C19: =C18+0.5 -> 5.5 | D19: =+IF(C19=10,100*(1+6%/2),100*6%/2) -> 3
C20: =C19+0.5 -> 6 | D20: =+IF(C20=10,100*(1+6%/2),100*6%/2) -> 3
C21: =C20+0.5 -> 6.5 | D21: =+IF(C21=10,100*(1+6%/2),100*6%/2) -> 3
... C28: =C27+0.5 -> 10 | D28: =+IF(C28=10,100*(1+6%/2),100*6%/2) -> 103
B30: IRR - semi annual | D30: =IRR(D8:D28) -> 0.03136129 | E30: Marks 1 - IRR
B32: Annual IRR | D32: =(1+D30)^2-1 -> 0.063706111 | E32: Marks 1 - IRR
B35: Comparison: | C35: 1 Mark for each relevant point (maximum 4 marks)
B36: 1 | C36: The guaranteed IRR on the fixed interest bond is higher than insurance product
B37: 2 | C37: There is still a potential to higher returns on the insurance contract, as bonus will reflect investment performance which can be higher than assumed basis
B38: 3 | C38: The insurance product provides a higher value on death of policyholder. Although return on investment is lower, a protection benefit is offered.
B39: 4 | C39: The terms of early surrender for insurance policy are known; however on sales of bond earlier than anticipated could result in unexpected losses (or gains)

Sheet Q.1)(vii)
B1: Parameters
B3: Unit Cashflows
B4: Year | C4: Premium less allocation | D4: Fund at BOY | E4: Fund at EOY wo deducting policy fee | F4: Policy fee | G4: Fund at EOY after deducting policy fee | H4: Terminal Bonus (TB) | I4: Unit fund plus TB at the end of year | J4: Surrender penalty (pc) | K4: Surrender penalty
B5: 1 | C5: =Parameters!$B$2*Parameters!E3 -> 3600 | D5: =C5 -> 3600 | E5: =D5*(1+Parameters!$B$3) -> 3744 | F5: =-E5*Parameters!$B$4 -> -37.44 | G5: =E5+F5 -> 3706.56 | H5: =G5*Parameters!G3 -> 74.1312 | I5: =G5+H5 -> 3780.6912 | J5: 0.02 | K5: =J5*G5 -> 74.1312
B6: =B5+1 -> 2 | C6: =Parameters!$B$2*Parameters!E4 -> 3800 | D6: =C6+G5 -> 7506.56 | E6: =D6*(1+Parameters!$B$3) -> 7806.8224 | F6: =-E6*Parameters!$B$4 -> -78.068224 | G6: =E6+F6 -> 7728.7542 | H6: =G6*Parameters!G4 -> 154.57508 | I6: =G6+H6 -> 7883.3293 | J6: 0.02 | K6: =J6*G6 -> 154.57508
B7: =B6+1 -> 3 | C7: =Parameters!$B$2*Parameters!E5 -> 4000 | D7: =C7+G6 -> 11728.754 | E7: =D7*(1+Parameters!$B$3) -> 12197.904 | F7: =-E7*Parameters!$B$4 -> -121.97904 | G7: =E7+F7 -> 12075.925 | H7: =G7*Parameters!G5 -> 241.51851 | I7: =G7+H7 -> 12317.444 | J7: 0.02 | K7: =J7*G7 -> 241.51851
B8: =B7+1 -> 4 | C8: =Parameters!$B$2*Parameters!E6 -> 4000 | D8: =C8+G7 -> 16075.925 | E8: =D8*(1+Parameters!$B$3) -> 16718.962 | F8: =-E8*Parameters!$B$4 -> -167.18962 | G8: =E8+F8 -> 16551.773 | H8: =G8*Parameters!G6 -> 827.58863 | I8: =G8+H8 -> 17379.361 | J8: 0.02 | K8: =J8*G8 -> 331.03545
B9: =B8+1 -> 5 | C9: =Parameters!$B$2*Parameters!E7 -> 4000 | D9: =C9+G8 -> 20551.773 | E9: =D9*(1+Parameters!$B$3) -> 21373.844 | F9: =-E9*Parameters!$B$4 -> -213.73844 | G9: =E9+F9 -> 21160.105 | H9: =G9*Parameters!G7 -> 1058.0053 | I9: =G9+H9 -> 22218.11 | J9: 0.01 | K9: =J9*G9 -> 211.60105
B10: =B9+1 -> 6 | C10: =Parameters!$B$2*Parameters!E8 -> 4000 | D10: =C10+G9 -> 25160.105 | E10: =D10*(1+Parameters!$B$3) -> 26166.509 | F10: =-E10*Parameters!$B$4 -> -261.66509 | G10: =E10+F10 -> 25904.844 | H10: =G10*Parameters!G8 -> 1295.2422 | I10: =G10+H10 -> 27200.086 | J10: 0.01 | K10: =J10*G10 -> 259.04844
B11: =B10+1 -> 7 | C11: =Parameters!$B$2*Parameters!E9 -> 4000 | D11: =C11+G10 -> 29904.844 | E11: =D11*(1+Parameters!$B$3) -> 31101.038 | F11: =-E11*Parameters!$B$4 -> -311.01038 | G11: =E11+F11 -> 30790.028 | H11: =G11*Parameters!G9 -> 2463.2022 | I11: =G11+H11 -> 33253.23 | J11: 0.01 | K11: =J11*G11 -> 307.90028
B12: =B11+1 -> 8 | C12: =Parameters!$B$2*Parameters!E10 -> 4000 | D12: =C12+G11 -> 34790.028 | E12: =D12*(1+Parameters!$B$3) -> 36181.629 | F12: =-E12*Parameters!$B$4 -> -361.81629 | G12: =E12+F12 -> 35819.812 | H12: =G12*Parameters!G10 -> 2865.585 | I12: =G12+H12 -> 38685.397 | J12: 0.01 | K12: =J12*G12 -> 358.19812
B13: =B12+1 -> 9 | C13: =Parameters!$B$2*Parameters!E11 -> 4000 | D13: =C13+G12 -> 39819.812 | E13: =D13*(1+Parameters!$B$3) -> 41412.605 | F13: =-E13*Parameters!$B$4 -> -414.12605 | G13: =E13+F13 -> 40998.479 | H13: =G13*Parameters!G11 -> 3279.8783 | I13: =G13+H13 -> 44278.357 | J13: 0.01 | K13: =J13*G13 -> 409.98479
B14: =B13+1 -> 10 | C14: =Parameters!$B$2*Parameters!E12 -> 4000 | D14: =C14+G13 -> 44998.479 | E14: =D14*(1+Parameters!$B$3) -> 46798.418 | F14: =-E14*Parameters!$B$4 -> -467.98418 | G14: =E14+F14 -> 46330.434 | H14: =G14*Parameters!G12 -> 3706.4347 | I14: =G14+H14 -> 50036.869 | J14: 0 | K14: =J14*G14 -> 0
Q15: Marks 4 - for correctly copying over all calculations from iv
B16: Non Unit Cashflows | I16: Marks 2
B17: Year | C17: Allocation profit | D17: Expenses (Initial & Renewal) | E17: Commission (Initial & Renewal) | F17: Interest | G17: Policy fee | H17: Mortality Rate | I17: New Independent Surrender Rate | J17: Dependent Surrender rate | K17: Expected Surrender profit | L17: Expected Claim expenses* | M17: Expected death cost | N17: Cashflow | O17: Probability in force | P17: Profit signature | Q17: NPV of profit
B18: 1 | C18: =Parameters!$B$2-C5 -> 400 | D18: =-400-30 -> -430 | E18: =-Parameters!$B$2*Parameters!F3 -> -120 | F18: =SUM(C18:E18)*Parameters!$B$5 -> -3 | G18: =-F5 -> 37.44 | H18: ='Q.1)(i)'!E14 -> 0.0028288792 | I18: 0.1 | J18: =(1-H18)*I18 -> 0.099717112 | K18: =J18*K5 -> 7.3921492 | L18: =-Parameters!$B$6*(H18+J18) -> -5.1272996 | M18: =-MAX(Parameters!$B$7-I5,0)*H18 -> -45.882465 | N18: =SUM(C18:G18)+K18+L18+M18 -> -159.17762 | O18: 1 | P18: =O18*N18 -> -159.17762 | Q18: =P18/(1+0.07)^B18 -> -148.76413
B19: =B18+1 -> 2 | C19: =Parameters!$B$2-C6 -> 200 | D19: -30 | E19: =-Parameters!$B$2*Parameters!F4 -> -40 | F19: =SUM(C19:E19)*Parameters!$B$5 -> 2.6 | G19: =-F6 -> 78.068224 | H19: ='Q.1)(i)'!E15 -> 0.0031206017 | I19: 0.05 | J19: =(1-H19)*I19 -> 0.04984397 | K19: =J19*K6 -> 7.7046358 | L19: =-Parameters!$B$6*(H19+J19) -> -2.6482286 | M19: =-MAX(Parameters!$B$7-I6,0)*H19 -> -37.811303 | N19: =SUM(C19:G19)+K19+L19+M19 -> 177.91333 | O19: =O18*(1-H18-J18) -> 0.89745401 | P19: =O19*N19 -> 159.66903 | Q19: =P19/(1+0.07)^B19 -> 139.46111
B20: =B19+1 -> 3 | C20: =Parameters!$B$2-C7 -> 0 | D20: -30 | E20: =-Parameters!$B$2*Parameters!F5 -> -40 | F20: =SUM(C20:E20)*Parameters!$B$5 -> -1.4 | G20: =-F7 -> 121.97904 | H20: ='Q.1)(i)'!E16 -> 0.003443421 | I20: 0.01 | J20: =(1-H20)*I20 -> 0.0099655658 | K20: =J20*K7 -> 2.4068686 | L20: =-Parameters!$B$6*(H20+J20) -> -0.67044934 | M20: =-MAX(Parameters!$B$7-I7,0)*H20 -> -26.454275 | N20: =SUM(C20:G20)+K20+L20+M20 -> 25.861187 | O20: =O19*(1-H19-J19) -> 0.84992074 | P20: =O20*N20 -> 21.979959 | Q20: =P20/(1+0.07)^B20 -> 17.942194
B21: =B20+1 -> 4 | C21: =Parameters!$B$2-C8 -> 0 | D21: -30 | E21: =-Parameters!$B$2*Parameters!F6 -> -40 | F21: =SUM(C21:E21)*Parameters!$B$5 -> -1.4 | G21: =-F8 -> 167.18962 | H21: ='Q.1)(i)'!E17 -> 0.0038008236 | I21: 0.01 | J21: =(1-H21)*I21 -> 0.0099619918 | K21: =J21*K8 -> 3.2977725 | L21: =-Parameters!$B$6*(H21+J21) -> -0.68814077 | M21: =-MAX(Parameters!$B$7-I8,0)*H21 -> -9.9605854 | N21: =SUM(C21:G21)+K21+L21+M21 -> 88.438669 | O21: =O20*(1-H20-J20) -> 0.83852417 | P21: =O21*N21 -> 74.157961 | Q21: =P21/(1+0.07)^B21 -> 56.574754
B22: =B21+1 -> 5 | C22: =Parameters!$B$2-C9 -> 0 | D22: -30 | E22: =-Parameters!$B$2*Parameters!F7 -> -40 | F22: =SUM(C22:E22)*Parameters!$B$5 -> -1.4 | G22: =-F9 -> 213.73844 | H22: ='Q.1)(i)'!E18 -> 0.0041968713 | I22: 0.01 | J22: =(1-H22)*I22 -> 0.0099580313 | K22: =J22*K9 -> 2.1071299 | L22: =-Parameters!$B$6*(H22+J22) -> -0.70774513 | M22: =-MAX(Parameters!$B$7-I9,0)*H22 -> 0 | N22: =SUM(C22:G22)+K22+L22+M22 -> 143.73782 | O22: =O21*(1-H21-J21) -> 0.82698371 | P22: =O22*N22 -> 118.86884 | Q22: =P22/(1+0.07)^B22 -> 84.751838
B23: =B22+1 -> 6 | C23: =Parameters!$B$2-C10 -> 0 | D23: -30 | E23: =-Parameters!$B$2*Parameters!F8 -> -40 | F23: =SUM(C23:E23)*Parameters!$B$5 -> -1.4 | G23: =-F10 -> 261.66509 | H23: ='Q.1)(i)'!E19 -> 0.0046360359 | I23: 0.01 | J23: =(1-H23)*I23 -> 0.0099536396 | K23: =J23*K10 -> 2.5784748 | L23: =-Parameters!$B$6*(H23+J23) -> -0.72948378 | M23: =-MAX(Parameters!$B$7-I10,0)*H23 -> 0 | N23: =SUM(C23:G23)+K23+L23+M23 -> 192.11408 | O23: =O22*(1-H22-J22) -> 0.81527784 | P23: =O23*N23 -> 156.62636 | Q23: =P23/(1+0.07)^B23 -> 104.36675
B24: =B23+1 -> 7 | C24: =Parameters!$B$2-C11 -> 0 | D24: -30 | E24: =-Parameters!$B$2*Parameters!F9 -> -40 | F24: =SUM(C24:E24)*Parameters!$B$5 -> -1.4 | G24: =-F11 -> 311.01038 | H24: ='Q.1)(i)'!E20 -> 0.0051233847 | I24: 0.01 | J24: =(1-H24)*I24 -> 0.0099487662 | K24: =J24*K11 -> 3.0632279 | L24: =-Parameters!$B$6*(H24+J24) -> -0.75360754 | M24: =-MAX(Parameters!$B$7-I11,0)*H24 -> 0 | N24: =SUM(C24:G24)+K24+L24+M24 -> 241.92 | O24: =O23*(1-H23-J23) -> 0.8033832 | P24: =O24*N24 -> 194.35446 | Q24: =P24/(1+0.07)^B24 -> 121.03419
B25: =B24+1 -> 8 | C25: =Parameters!$B$2-C12 -> 0 | D25: -30 | E25: =-Parameters!$B$2*Parameters!F10 -> -40 | F25: =SUM(C25:E25)*Parameters!$B$5 -> -1.4 | G25: =-F12 -> 361.81629 | H25: ='Q.1)(i)'!E21 -> 0.005664711 | I25: 0 | J25: =(1-H25)*I25 -> 0 | K25: =J25*K12 -> 0 | L25: =-Parameters!$B$6*(H25+J25) -> -0.28323555 | M25: =-MAX(Parameters!$B$7-I12,0)*H25 -> 0 | N25: =SUM(C25:G25)+K25+L25+M25 -> 290.13305 | O25: =O24*(1-H24-J24) -> 0.79127449 | P25: =O25*N25 -> 229.57488 | Q25: =P25/(1+0.07)^B25 -> 133.61467
B26: =B25+1 -> 9 | C26: =Parameters!$B$2-C13 -> 0 | D26: -30 | E26: =-Parameters!$B$2*Parameters!F11 -> -40 | F26: =SUM(C26:E26)*Parameters!$B$5 -> -1.4 | G26: =-F13 -> 414.12605 | H26: ='Q.1)(i)'!E22 -> 0.0062666811 | I26: 0 | J26: =(1-H26)*I26 -> 0 | K26: =J26*K13 -> 0 | L26: =-Parameters!$B$6*(H26+J26) -> -0.31333405 | M26: =-MAX(Parameters!$B$7-I13,0)*H26 -> 0 | N26: =SUM(C26:G26)+K26+L26+M26 -> 342.41272 | O26: =O25*(1-H25-J25) -> 0.78679215 | P26: =O26*N26 -> 269.40764 | Q26: =P26/(1+0.07)^B26 -> 146.5399
B27: =B26+1 -> 10 | C27: =Parameters!$B$2-C14 -> 0 | D27: -30 | E27: =-Parameters!$B$2*Parameters!F12 -> -40 | F27: =SUM(C27:E27)*Parameters!$B$5 -> -1.4 | G27: =-F14 -> 467.98418 | H27: ='Q.1)(i)'!E23 -> 0.0069368624 | I27: 0 | J27: =(1-H27)*I27 -> 0 | K27: =J27*K14 -> 0 | L27: =-Parameters!B6 -> -50 | M27: =-MAX(Parameters!$B$7-I14,0)*H27 -> 0 | N27: =SUM(C27:G27)+K27+L27+M27 -> 346.58418 | O27: =O26*(1-H26-J26) -> 0.78186157 | P27: =O27*N27 -> 270.98085 | Q27: =P27/(1+0.07)^B27 -> 137.75292
B29: Because surrenders take place at the end of each year, the dependent probability of dying is the same as the independent probability. | P29: Total | Q29: =SUM(Q18:Q27) -> 793.27422 | R29: Marks 1
B30: *Year 10 expected claim expense is 50 since it is a definite maturity year

Sheet Q.1)(viii)
A1: Explain your results (2 marks - 2 relevant points)
A2: 1) | B2: Since surrender probability is higher in the first few years than the previous assessment and so is the surrender penalty, the NPV of profit is higher
A3: 2) | B3: Also since the overall probability in force has increased under the new surrender assumption, the expected claim expenses are lower leading to higher NPV of profit.

Sheet Q.1)(ix)
B1: Parameters
D2: Revised bonus rate | E2: =Q30 -> 0.015745284
B3: Unit Cashflows | E3: Marks 1 | F3: Marks 1
B4: Year | C4: Premium less allocation | D4: Fund at BOY | E4: Fund at EOY wo deducting policy fee | F4: Policy fee | G4: Fund at EOY after deducting policy fee | H4: Terminal Bonus (TB) | I4: Unit fund plus TB at the end of year | J4: Surrender penalty (pc) | K4: Surrender penalty
B5: 1 | C5: =Parameters!$B$2*Parameters!E3 -> 3600 | D5: =C5 -> 3600 | E5: =D5*(1+$E$2) -> 3656.683 | F5: =-E5*1.15% -> -42.051855 | G5: =E5+F5 -> 3614.6312 | H5: =G5*Parameters!G3 -> 72.292623 | I5: =G5+H5 -> 3686.9238 | J5: 0.02 | K5: =J5*G5 -> 72.292623
B6: =B5+1 -> 2 | C6: =Parameters!$B$2*Parameters!E4 -> 3800 | D6: =C6+G5 -> 7414.6312 | E6: =D6*(1+$E$2) -> 7531.3766 | F6: =-E6*1.15% -> -86.610831 | G6: =E6+F6 -> 7444.7658 | H6: =G6*Parameters!G4 -> 148.89532 | I6: =G6+H6 -> 7593.6611 | J6: 0.02 | K6: =J6*G6 -> 148.89532
B7: =B6+1 -> 3 | C7: =Parameters!$B$2*Parameters!E5 -> 4000 | D7: =C7+G6 -> 11444.766 | E7: =D7*(1+$E$2) -> 11624.967 | F7: =-E7*1.15% -> -133.68712 | G7: =E7+F7 -> 11491.28 | H7: =G7*Parameters!G5 -> 229.8256 | I7: =G7+H7 -> 11721.105 | J7: 0.02 | K7: =J7*G7 -> 229.8256
B8: =B7+1 -> 4 | C8: =Parameters!$B$2*Parameters!E6 -> 4000 | D8: =C8+G7 -> 15491.28 | E8: =D8*(1+$E$2) -> 15735.194 | F8: =-E8*1.15% -> -180.95474 | G8: =E8+F8 -> 15554.24 | H8: =G8*Parameters!G6 -> 777.71198 | I8: =G8+H8 -> 16331.952 | J8: 0.02 | K8: =J8*G8 -> 311.08479
B9: =B8+1 -> 5 | C9: =Parameters!$B$2*Parameters!E7 -> 4000 | D9: =C9+G8 -> 19554.24 | E9: =D9*(1+$E$2) -> 19862.127 | F9: =-E9*1.15% -> -228.41446 | G9: =E9+F9 -> 19633.712 | H9: =G9*Parameters!G7 -> 981.68561 | I9: =G9+H9 -> 20615.398 | J9: 0.01 | K9: =J9*G9 -> 196.33712
B10: =B9+1 -> 6 | C10: =Parameters!$B$2*Parameters!E8 -> 4000 | D10: =C10+G9 -> 23633.712 | E10: =D10*(1+$E$2) -> 24005.832 | F10: =-E10*1.15% -> -276.06707 | G10: =E10+F10 -> 23729.765 | H10: =G10*Parameters!G8 -> 1186.4882 | I10: =G10+H10 -> 24916.253 | J10: 0.01 | K10: =J10*G10 -> 237.29765
B11: =B10+1 -> 7 | C11: =Parameters!$B$2*Parameters!E9 -> 4000 | D11: =C11+G10 -> 27729.765 | E11: =D11*(1+$E$2) -> 28166.378 | F11: =-E11*1.15% -> -323.91334 | G11: =E11+F11 -> 27842.464 | H11: =G11*Parameters!G9 -> 2227.3971 | I11: =G11+H11 -> 30069.861 | J11: 0.01 | K11: =J11*G11 -> 278.42464
B12: =B11+1 -> 8 | C12: =Parameters!$B$2*Parameters!E10 -> 4000 | D12: =C12+G11 -> 31842.464 | E12: =D12*(1+$E$2) -> 32343.833 | F12: =-E12*1.15% -> -371.95408 | G12: =E12+F12 -> 31971.879 | H12: =G12*Parameters!G10 -> 2557.7503 | I12: =G12+H12 -> 34529.629 | J12: 0.01 | K12: =J12*G12 -> 319.71879
B13: =B12+1 -> 9 | C13: =Parameters!$B$2*Parameters!E11 -> 4000 | D13: =C13+G12 -> 35971.879 | E13: =D13*(1+$E$2) -> 36538.266 | F13: =-E13*1.15% -> -420.19006 | G13: =E13+F13 -> 36118.076 | H13: =G13*Parameters!G11 -> 2889.4461 | I13: =G13+H13 -> 39007.522 | J13: 0.01 | K13: =J13*G13 -> 361.18076
B14: =B13+1 -> 10 | C14: =Parameters!$B$2*Parameters!E12 -> 4000 | D14: =C14+G13 -> 40118.076 | E14: =D14*(1+$E$2) -> 40749.747 | F14: =-E14*1.15% -> -468.62209 | G14: =E14+F14 -> 40281.125 | H14: =G14*Parameters!G12 -> 3222.49 | I14: =G14+H14 -> 43503.615 | J14: 0 | K14: =J14*G14 -> 0
B16: Non Unit Cashflows | D16: Marks 2 | L16: Marks 2
B17: Year | C17: Allocation profit | D17: Expenses (Initial & Renewal) | E17: Commission (Initial & Renewal) | F17: Interest | G17: Policy fee | H17: Mortality Rate | I17: Independent Surrender Rate | J17: Dependent Surrender rate | K17: Expected Surrender profit | L17: Expected Claim expenses* | M17: Expected death cost | N17: Cashflow | O17: Probability in force | P17: Profit signature | Q17: NPV of profit
B18: 1 | C18: =Parameters!$B$2-C5 -> 400 | D18: =-400-30 -> -430 | E18: =-Parameters!$B$2*Parameters!F3 -> -120 | F18: =SUM(C18:E18)*Parameters!$B$5 -> -3 | G18: =-F5 -> 42.051855 | H18: ='Q.1)(i)'!E14 -> 0.0028288792 | I18: ='Q.1)(vii)'!I18 -> 0.1 | J18: =(1-H18)*I18 -> 0.099717112 | K18: =J18*K5 -> 7.2088116 | L18: =IF(B18<>10,-Parameters!$B$6*1.05^B18*(H18+J18),-Parameters!$B$6*1.05^B18) -> -5.3836645 | M18: =-MAX(Parameters!$B$7-I5,0)*H18 -> -46.147722 | N18: =SUM(C18:G18)+K18+L18+M18 -> -155.27072 | O18: 1 | P18: =O18*N18 -> -155.27072 | Q18: =P18/(1+0.07)^B18 -> -145.11282
B19: =B18+1 -> 2 | C19: =Parameters!$B$2-C6 -> 200 | D19: =-30*1.05^B18 -> -31.5 | E19: =-Parameters!$B$2*Parameters!F4 -> -40 | F19: =SUM(C19:E19)*Parameters!$B$5 -> 2.57 | G19: =-F6 -> 86.610831 | H19: ='Q.1)(i)'!E15 -> 0.0031206017 | I19: ='Q.1)(vii)'!I19 -> 0.05 | J19: =(1-H19)*I19 -> 0.04984397 | K19: =J19*K6 -> 7.4215337 | L19: =IF(B19<>10,-Parameters!$B$6*1.05^B19*(H19+J19),-Parameters!$B$6*1.05^B19) -> -2.919672 | M19: =-MAX(Parameters!$B$7-I6,0)*H19 -> -38.715242 | N19: =SUM(C19:G19)+K19+L19+M19 -> 183.46745 | O19: =O18*(1-H18-J18) -> 0.89745401 | P19: =O19*N19 -> 164.6536 | Q19: =P19/(1+0.07)^B19 -> 143.81483
B20: =B19+1 -> 3 | C20: =Parameters!$B$2-C7 -> 0 | D20: =-30*1.05^B19 -> -33.075 | E20: =-Parameters!$B$2*Parameters!F5 -> -40 | F20: =SUM(C20:E20)*Parameters!$B$5 -> -1.4615 | G20: =-F7 -> 133.68712 | H20: ='Q.1)(i)'!E16 -> 0.003443421 | I20: ='Q.1)(vii)'!I20 -> 0.01 | J20: =(1-H20)*I20 -> 0.0099655658 | K20: =J20*K7 -> 2.2903421 | L20: =IF(B20<>10,-Parameters!$B$6*1.05^B20*(H20+J20),-Parameters!$B$6*1.05^B20) -> -0.77612892 | M20: =-MAX(Parameters!$B$7-I7,0)*H20 -> -28.50772 | N20: =SUM(C20:G20)+K20+L20+M20 -> 32.157113 | O20: =O19*(1-H19-J19) -> 0.84992074 | P20: =O20*N20 -> 27.330997 | Q20: =P20/(1+0.07)^B20 -> 22.310235
B21: =B20+1 -> 4 | C21: =Parameters!$B$2-C8 -> 0 | D21: =-30*1.05^B20 -> -34.72875 | E21: =-Parameters!$B$2*Parameters!F6 -> -40 | F21: =SUM(C21:E21)*Parameters!$B$5 -> -1.494575 | G21: =-F8 -> 180.95474 | H21: ='Q.1)(i)'!E17 -> 0.0038008236 | I21: ='Q.1)(vii)'!I21 -> 0.01 | J21: =(1-H21)*I21 -> 0.0099619918 | K21: =J21*K8 -> 3.0990241 | L21: =IF(B21<>10,-Parameters!$B$6*1.05^B21*(H21+J21),-Parameters!$B$6*1.05^B21) -> -0.83643941 | M21: =-MAX(Parameters!$B$7-I8,0)*H21 -> -13.941605 | N21: =SUM(C21:G21)+K21+L21+M21 -> 93.05239 | O21: =O20*(1-H20-J20) -> 0.83852417 | P21: =O21*N21 -> 78.026678 | Q21: =P21/(1+0.07)^B21 -> 59.526179
B22: =B21+1 -> 5 | C22: =Parameters!$B$2-C9 -> 0 | D22: =-30*1.05^B21 -> -36.465187 | E22: =-Parameters!$B$2*Parameters!F7 -> -40 | F22: =SUM(C22:E22)*Parameters!$B$5 -> -1.5293037 | G22: =-F9 -> 228.41446 | H22: ='Q.1)(i)'!E18 -> 0.0041968713 | I22: ='Q.1)(vii)'!I22 -> 0.01 | J22: =(1-H22)*I22 -> 0.0099580313 | K22: =J22*K9 -> 1.9551312 | L22: =IF(B22<>10,-Parameters!$B$6*1.05^B22*(H22+J22),-Parameters!$B$6*1.05^B22) -> -0.90328206 | M22: =-MAX(Parameters!$B$7-I9,0)*H22 -> 0 | N22: =SUM(C22:G22)+K22+L22+M22 -> 151.47181 | O22: =O21*(1-H21-J21) -> 0.82698371 | P22: =O22*N22 -> 125.26472 | Q22: =P22/(1+0.07)^B22 -> 89.312017
B23: =B22+1 -> 6 | C23: =Parameters!$B$2-C10 -> 0 | D23: =-30*1.05^B22 -> -38.288447 | E23: =-Parameters!$B$2*Parameters!F8 -> -40 | F23: =SUM(C23:E23)*Parameters!$B$5 -> -1.5657689 | G23: =-F10 -> 276.06707 | H23: ='Q.1)(i)'!E19 -> 0.0046360359 | I23: ='Q.1)(vii)'!I23 -> 0.01 | J23: =(1-H23)*I23 -> 0.0099536396 | K23: =J23*K10 -> 2.3619753 | L23: =IF(B23<>10,-Parameters!$B$6*1.05^B23*(H23+J23),-Parameters!$B$6*1.05^B23) -> -0.97757803 | M23: =-MAX(Parameters!$B$7-I10,0)*H23 -> 0 | N23: =SUM(C23:G23)+K23+L23+M23 -> 197.59725 | O23: =O22*(1-H22-J22) -> 0.81527784 | P23: =O23*N23 -> 161.09666 | Q23: =P23/(1+0.07)^B23 -> 107.3455
B24: =B23+1 -> 7 | C24: =Parameters!$B$2-C11 -> 0 | D24: =-30*1.05^B23 -> -40.202869 | E24: =-Parameters!$B$2*Parameters!F9 -> -40 | F24: =SUM(C24:E24)*Parameters!$B$5 -> -1.6040574 | G24: =-F11 -> 323.91334 | H24: ='Q.1)(i)'!E20 -> 0.0051233847 | I24: ='Q.1)(vii)'!I24 -> 0.01 | J24: =(1-H24)*I24 -> 0.0099487662 | K24: =J24*K11 -> 2.7699817 | L24: =IF(B24<>10,-Parameters!$B$6*1.05^B24*(H24+J24),-Parameters!$B$6*1.05^B24) -> -1.0604015 | M24: =-MAX(Parameters!$B$7-I11,0)*H24 -> 0 | N24: =SUM(C24:G24)+K24+L24+M24 -> 243.816 | O24: =O23*(1-H23-J23) -> 0.8033832 | P24: =O24*N24 -> 195.87768 | Q24: =P24/(1+0.07)^B24 -> 121.98277
B25: =B24+1 -> 8 | C25: =Parameters!$B$2-C12 -> 0 | D25: =-30*1.05^B24 -> -42.213013 | E25: =-Parameters!$B$2*Parameters!F10 -> -40 | F25: =SUM(C25:E25)*Parameters!$B$5 -> -1.6442603 | G25: =-F12 -> 371.95408 | H25: ='Q.1)(i)'!E21 -> 0.005664711 | I25: ='Q.1)(vii)'!I25 -> 0 | J25: =(1-H25)*I25 -> 0 | K25: =J25*K12 -> 0 | L25: =IF(B25<>10,-Parameters!$B$6*1.05^B25*(H25+J25),-Parameters!$B$6*1.05^B25) -> -0.41846791 | M25: =-MAX(Parameters!$B$7-I12,0)*H25 -> 0 | N25: =SUM(C25:G25)+K25+L25+M25 -> 287.67834 | O25: =O24*(1-H24-J24) -> 0.79127449 | P25: =O25*N25 -> 227.63253 | Q25: =P25/(1+0.07)^B25 -> 132.4842
B26: =B25+1 -> 9 | C26: =Parameters!$B$2-C13 -> 0 | D26: =-30*1.05^B25 -> -44.323663 | E26: =-Parameters!$B$2*Parameters!F11 -> -40 | F26: =SUM(C26:E26)*Parameters!$B$5 -> -1.6864733 | G26: =-F13 -> 420.19006 | H26: ='Q.1)(i)'!E22 -> 0.0062666811 | I26: ='Q.1)(vii)'!I26 -> 0 | J26: =(1-H26)*I26 -> 0 | K26: =J26*K13 -> 0 | L26: =IF(B26<>10,-Parameters!$B$6*1.05^B26*(H26+J26),-Parameters!$B$6*1.05^B26) -> -0.48608396 | M26: =-MAX(Parameters!$B$7-I13,0)*H26 -> 0 | N26: =SUM(C26:G26)+K26+L26+M26 -> 333.69384 | O26: =O25*(1-H25-J25) -> 0.78679215 | P26: =O26*N26 -> 262.54769 | Q26: =P26/(1+0.07)^B26 -> 142.80855
B27: =B26+1 -> 10 | C27: =Parameters!$B$2-C14 -> 0 | D27: =-30*1.05^B26 -> -46.539846 | E27: =-Parameters!$B$2*Parameters!F12 -> -40 | F27: =SUM(C27:E27)*Parameters!$B$5 -> -1.7307969 | G27: =-F14 -> 468.62209 | H27: ='Q.1)(i)'!E23 -> 0.0069368624 | I27: ='Q.1)(vii)'!I27 -> 0 | J27: =(1-H27)*I27 -> 0 | K27: =J27*K14 -> 0 | L27: =IF(B27<>10,-Parameters!$B$6*1.05^B27*(H27+J27),-Parameters!$B$6*1.05^B27) -> -81.444731 | M27: =-MAX(Parameters!$B$7-I14,0)*H27 -> 0 | N27: =SUM(C27:G27)+K27+L27+M27 -> 298.90671 | O27: =O26*(1-H26-J26) -> 0.78186157 | P27: =O27*N27 -> 233.70367 | Q27: =P27/(1+0.07)^B27 -> 118.8031
B29: Because surrenders take place at the end of each year, the dependent probability of dying is the same as the independent probability. | P29: Total | Q29: =SUM(Q18:Q27) -> 793.27457
B30: *Year 10 expected claim expense is 50 since it is a definite maturity year | P30: Revised Bonus Rate | Q30: 0.015745284 | R30: Marks 2
P31: Difference in NPV from part d | Q31: =Q29-'Q.1)(vii)'!Q29 -> 0.00034693349
R33: Marks 2 - all other calcs are correctly copied

Sheet Q.2)(i)
D3: Marks 2 | E3: Marks 1
B4: Year | C4: Spot rates | D4: Forward rate for half year | E4: Annualised forward rate
B5: 0.5 | C5: 0.0536 | E5: =C5 -> 0.0536
B6: 1 | C6: 0.0557 | D6: =(1+C6)^B6/(1+C5)^B5-1 -> 0.02849608 | E6: =(1+D6)^2-1 -> 0.057804186
B7: 1.5 | C7: 0.0574 | D7: =(1+C7)^B7/(1+C6)^B6-1 -> 0.029955444 | E7: =(1+D7)^2-1 -> 0.060808217
B8: 2 | C8: 0.0587 | D8: =(1+C8)^B8/(1+C7)^B7-1 -> 0.030829568 | E8: =(1+D8)^2-1 -> 0.062609597 | H8: Marks 2 - for graph
B9: 2.5 | C9: 0.0598 | D9: =(1+C9)^B9/(1+C8)^B8-1 -> 0.031606243 | E9: =(1+D9)^2-1 -> 0.064211441
B10: 3 | C10: 0.0609 | D10: =(1+C10)^B10/(1+C9)^B9-1 -> 0.032674755 | E10: =(1+D10)^2-1 -> 0.06641715
B11: 3.5 | C11: 0.0621 | D11: =(1+C11)^B11/(1+C10)^B10-1 -> 0.034083439 | E11: =(1+D11)^2-1 -> 0.069328558
B12: 4 | C12: 0.0636 | D12: =(1+C12)^B12/(1+C11)^B11-1 -> 0.036416656 | E12: =(1+D12)^2-1 -> 0.074159484
B13: 4.5 | C13: 0.0652 | D13: =(1+C13)^B13/(1+C12)^B12-1 -> 0.038309662 | E13: =(1+D13)^2-1 -> 0.078086954
B14: 5 | C14: 0.0667 | D14: =(1+C14)^B14/(1+C13)^B13-1 -> 0.039372604 | E14: =(1+D14)^2-1 -> 0.08029541
B15: 5.5 | C15: 0.0674 | D15: =(1+C15)^B15/(1+C14)^B14-1 -> 0.036544893 | E15: =(1+D15)^2-1 -> 0.074425315
B16: 6 | C16: 0.067 | D16: =(1+C16)^B16/(1+C15)^B15-1 -> 0.030829705 | E16: =(1+D16)^2-1 -> 0.062609881
B17: 6.5 | C17: 0.0673 | D17: =(1+C17)^B17/(1+C16)^B16-1 -> 0.034846165 | E17: =(1+D17)^2-1 -> 0.070906586
B18: 7 | C18: 0.0697 | D18: =(1+C18)^B18/(1+C17)^B17-1 -> 0.049473941 | E18: =(1+D18)^2-1 -> 0.10139555
B19: 7.5 | C19: 0.0716 | D19: =(1+C19)^B19/(1+C18)^B18-1 -> 0.048120744 | E19: =(1+D19)^2-1 -> 0.098557094
B20: 8 | C20: 0.071 | D20: =(1+C20)^B20/(1+C19)^B19-1 -> 0.030553351 | E20: =(1+D20)^2-1 -> 0.062040208
... B28: 12 | C28: 0.0724 | D28: =(1+C28)^B28/(1+C27)^B27-1 -> 0.021239732 | E28: =(1+D28)^2-1 -> 0.04293059

Sheet Q.2)(ii)
C3: Marks 1 | D3: Marks 2 | E3: Marks 2 | F3: Marks 1 | H3: Marks 2
C5: Investment | D5: Costs | E5: Annual income | F5: Net cash flow | G5: Forward rates | H5: NPV
B6: 0 | C6: 400000 | D6: 0 | E6: 0 | F6: =-C6-D6+E6 -> -400000 | H6: =F6+H7/(1+G7)^0.5 -> 587753.53 | I6: Answer
B7: =B6+0.5 -> 0.5 | D7: =IF(INT(B7)<INT(B8),0,20000+5000*B7) -> 0 | E7: 0 | F7: =-C7-D7+E7 -> 0 | G7: ='Q.2)(i)'!E5 -> 0.0536 | H7: =F7+H8/(1+G8)^0.5 -> 1013879.8
B8: =B7+0.5 -> 1 | D8: 20000 | E8: 0 | F8: =-C8-D8+E8 -> -20000 | G8: ='Q.2)(i)'!E6 -> 0.057804186 | H8: =F8+H9/(1+G9)^0.5 -> 1042771.4
B9: =B8+0.5 -> 1.5 | D9: =IF(INT(B9)<INT(B10),0,20000+5000*(B9-1)) -> 0 | E9: 0 | F9: =-C9-D9+E9 -> 0 | G9: ='Q.2)(i)'!E7 -> 0.060808217 | H9: =F9+H10/(1+G10)^0.5 -> 1094607.2
B10: =B9+0.5 -> 2 | D10: =IF(INT(B10)<INT(B11),0,20000+5000*(B10-1)) -> 25000 | E10: 0 | F10: =-C10-D10+E10 -> -25000 | G10: ='Q.2)(i)'!E8 -> 0.062609597 | H10: =F10+H11/(1+G11)^0.5 -> 1128353.5
B11: =B10+0.5 -> 2.5 | D11: =IF(INT(B11)<INT(B12),0,20000+5000*(B11-1)) -> 0 | E11: 50000 | F11: =-C11-D11+E11 -> 50000 | G11: ='Q.2)(i)'!E9 -> 0.064211441 | H11: =F11+H12/(1+G12)^0.5 -> 1189806.6
B12: =B11+0.5 -> 3 | D12: =IF(INT(B12)<INT(B13),0,20000+5000*(B12-1)) -> 30000 | E12: =IF(B12<=8,E11*1.2^0.5,E11*1.06^0.5) -> 54772.256 | F12: =-C12-D12+E12 -> 24772.256 | G12: ='Q.2)(i)'!E10 -> 0.06641715 | H12: =F12+H13/(1+G13)^0.5 -> 1177049.5
B13: =B12+0.5 -> 3.5 | D13: =IF(INT(B13)<INT(B14),0,20000+5000*(B13-1)) -> 0 | E13: =IF(B13<=8,E12*1.2^0.5,E12*1.06^0.5) -> 60000 | F13: =-C13-D13+E13 -> 60000 | G13: ='Q.2)(i)'!E11 -> 0.069328558 | H13: =F13+H14/(1+G14)^0.5 -> 1191550.8
B14: =B13+0.5 -> 4 | D14: =IF(INT(B14)<INT(B15),0,20000+5000*(B14-1)) -> 35000 | E14: =IF(B14<=8,E13*1.2^0.5,E13*1.06^0.5) -> 65726.707 | F14: =-C14-D14+E14 -> 30726.707 | G14: ='Q.2)(i)'!E12 -> 0.074159484 | H14: =F14+H15/(1+G15)^0.5 -> 1172758.1
B15: =B14+0.5 -> 4.5 | D15: =IF(INT(B15)<INT(B16),0,20000+5000*(B15-1)) -> 0 | E15: =IF(B15<=8,E14*1.2^0.5,E14*1.06^0.5) -> 72000 | F15: =-C15-D15+E15 -> 72000 | G15: ='Q.2)(i)'!E13 -> 0.078086954 | H15: =F15+H16/(1+G16)^0.5 -> 1185782.3
B16: =B15+0.5 -> 5 | D16: =IF(INT(B16)<INT(B17),0,20000+5000*(B16-1)) -> 40000 | E16: =IF(B16<=8,E15*1.2^0.5,E15*1.06^0.5) -> 78872.048 | F16: =-C16-D16+E16 -> 38872.048 | G16: ='Q.2)(i)'!E14 -> 0.08029541 | H16: =F16+H17/(1+G17)^0.5 -> 1157634.8
B17: =B16+0.5 -> 5.5 | D17: =IF(INT(B17)<INT(B18),0,20000+5000*(B17-1)) -> 0 | E17: =IF(B17<=8,E16*1.2^0.5,E16*1.06^0.5) -> 86400 | F17: =-C17-D17+E17 -> 86400 | G17: ='Q.2)(i)'!E15 -> 0.074425315 | H17: =F17+H18/(1+G18)^0.5 -> 1159647.8
B18: =B17+0.5 -> 6 | D18: =IF(INT(B18)<INT(B19),0,20000+5000*(B18-1)) -> 45000 | E18: =IF(B18<=8,E17*1.2^0.5,E17*1.06^0.5) -> 94646.458 | F18: =-C18-D18+E18 -> 49646.458 | G18: ='Q.2)(i)'!E16 -> 0.062609881 | H18: =F18+H19/(1+G19)^0.5 -> 1106335.7
B19: =B18+0.5 -> 6.5 | D19: =IF(INT(B19)<INT(B20),0,20000+5000*(B19-1)) -> 0 | E19: =IF(B19<=8,E18*1.2^0.5,E18*1.06^0.5) -> 103680 | F19: =-C19-D19+E19 -> 103680 | G19: ='Q.2)(i)'!E17 -> 0.070906586 | H19: =F19+H20/(1+G20)^0.5 -> 1093510.8
B20: =B19+0.5 -> 7 | D20: =IF(INT(B20)<INT(B21),0,20000+5000*(B20-1)) -> 50000 | E20: =IF(B20<=8,E19*1.2^0.5,E19*1.06^0.5) -> 113575.75 | F20: =-C20-D20+E20 -> 63575.75 | G20: ='Q.2)(i)'!E18 -> 0.10139555 | H20: =F20+H21/(1+G21)^0.5 -> 1038801.7
B21: =B20+0.5 -> 7.5 | D21: =IF(INT(B21)<INT(B22),0,20000+5000*(B21-1)) -> 0 | E21: =IF(B21<=8,E20*1.2^0.5,E20*1.06^0.5) -> 124416 | F21: =-C21-D21+E21 -> 124416 | G21: ='Q.2)(i)'!E19 -> 0.098557094 | H21: =F21+H22/(1+G22)^0.5 -> 1022154.5
B22: =B21+0.5 -> 8 | D22: =IF(INT(B22)<INT(B23),0,20000+5000*(B22-1)) -> 55000 | E22: =IF(B22<=8,E21*1.2^0.5,E21*1.06^0.5) -> 136290.9 | F22: =-C22-D22+E22 -> 81290.899 | G22: ='Q.2)(i)'!E20 -> 0.062040208 | H22: =F22+H23/(1+G23)^0.5 -> 925167.42
B23: =B22+0.5 -> 8.5 | D23: =IF(INT(B23)<INT(B24),0,20000+5000*(B23-1)) -> 0 | E23: =IF(B23<=8,E22*1.2^0.5,E22*1.06^0.5) -> 140320.07 | F23: =-C23-D23+E23 -> 140320.07 | G23: ='Q.2)(i)'!E21 -> 0.022753614 | H23: =F23+H24/(1+G24)^0.5 -> 853423.14
... B30: =B29+0.5 -> 12 | D30: =IF(INT(B30)<INT(B31),0,20000+5000*(B30-1)) -> 75000 | E30: =IF(B30<=8,E29*1.2^0.5,E29*1.06^0.5) -> 172064.12 | F30: =-C30-D30+E30 -> 97064.12 | G30: ='Q.2)(i)'!E28 -> 0.04293059 | H30: =F30+H31/(1+G31)^0.5 -> 97064.12

Sheet Q.2)(iii)
C3: Marks 1 | E3: Marks 0.5
I4: Marks 1 | J4: Marks 0.5
C5: Net cash flow | E5: Cumulative cash flow | F5: Years in which cash flow is positive | H5: Spot rate | I5: PV of each cash flow at t = 0 | J5: Cumulative PV of CF | K5: Years in which PV cash flow is positive
B6: 0 | C6: ='Q.2)(ii)'!F6 -> -400000 | E6: =C6 -> -400000 | F6: =IF(E6>0,B6,"") | I6: =C6 -> -400000 | J6: =I6 -> -400000 | K6: =IF(J6>0,B6,"")
B7: =B6+0.5 -> 0.5 | C7: ='Q.2)(ii)'!F7 -> 0 | E7: =E6+C7 -> -400000 | F7: =IF(E7>0,B7,"") | H7: ='Q.2)(i)'!C5 -> 0.0536 | I7: =C7/(1+H7)^B7 -> 0 | J7: =J6+I7 -> -400000 | K7: =IF(J7>0,B7,"")
B8: =B7+0.5 -> 1 | C8: ='Q.2)(ii)'!F8 -> -20000 | E8: =E7+C8 -> -420000 | F8: =IF(E8>0,B8,"") | H8: ='Q.2)(i)'!C6 -> 0.0557 | I8: =C8/(1+H8)^B8 -> -18944.776 | J8: =J7+I8 -> -418944.78 | K8: =IF(J8>0,B8,"")
B9: =B8+0.5 -> 1.5 | C9: ='Q.2)(ii)'!F9 -> 0 | E9: =E8+C9 -> -420000 | F9: =IF(E9>0,B9,"") | H9: ='Q.2)(i)'!C7 -> 0.0574 | I9: =C9/(1+H9)^B9 -> 0 | J9: =J8+I9 -> -418944.78 | K9: =IF(J9>0,B9,"")
B10: =B9+0.5 -> 2 | C10: ='Q.2)(ii)'!F10 -> -25000 | E10: =E9+C10 -> -445000 | F10: =IF(E10>0,B10,"") | H10: ='Q.2)(i)'!C8 -> 0.0587 | I10: =C10/(1+H10)^B10 -> -22304.587 | J10: =J9+I10 -> -441249.36 | K10: =IF(J10>0,B10,"")
B11: =B10+0.5 -> 2.5 | C11: ='Q.2)(ii)'!F11 -> 50000 | E11: =E10+C11 -> -395000 | F11: =IF(E11>0,B11,"") | H11: ='Q.2)(i)'!C9 -> 0.0598 | I11: =C11/(1+H11)^B11 -> 43242.442 | J11: =J10+I11 -> -398006.92 | K11: =IF(J11>0,B11,"")
B12: =B11+0.5 -> 3 | C12: ='Q.2)(ii)'!F12 -> 24772.256 | E12: =E11+C12 -> -370227.74 | F12: =IF(E12>0,B12,"") | H12: ='Q.2)(i)'!C10 -> 0.0609 | I12: =C12/(1+H12)^B12 -> 20746.374 | J12: =J11+I12 -> -377260.55 | K12: =IF(J12>0,B12,"")
B13: =B12+0.5 -> 3.5 | C13: ='Q.2)(ii)'!F13 -> 60000 | E13: =E12+C13 -> -310227.74 | F13: =IF(E13>0,B13,"") | H13: ='Q.2)(i)'!C11 -> 0.0621 | I13: =C13/(1+H13)^B13 -> 48592.844 | J13: =J12+I13 -> -328667.7 | K13: =IF(J13>0,B13,"")
B14: =B13+0.5 -> 4 | C14: ='Q.2)(ii)'!F14 -> 30726.707 | E14: =E13+C14 -> -279501.04 | F14: =IF(E14>0,B14,"") | H14: ='Q.2)(i)'!C12 -> 0.0636 | I14: =C14/(1+H14)^B14 -> 24010.583 | J14: =J13+I14 -> -304657.12 | K14: =IF(J14>0,B14,"")
B15: =B14+0.5 -> 4.5 | C15: ='Q.2)(ii)'!F15 -> 72000 | E15: =E14+C15 -> -207501.04 | F15: =IF(E15>0,B15,"") | H15: ='Q.2)(i)'!C13 -> 0.0652 | I15: =C15/(1+H15)^B15 -> 54186.648 | J15: =J14+I15 -> -250470.47 | K15: =IF(J15>0,B15,"")
B16: =B15+0.5 -> 5 | C16: ='Q.2)(ii)'!F16 -> 38872.048 | E16: =E15+C16 -> -168628.99 | F16: =IF(E16>0,B16,"") | H16: ='Q.2)(i)'!C14 -> 0.0667 | I16: =C16/(1+H16)^B16 -> 28146.601 | J16: =J15+I16 -> -222323.87 | K16: =IF(J16>0,B16,"")
B17: =B16+0.5 -> 5.5 | C17: ='Q.2)(ii)'!F17 -> 86400 | E17: =E16+C17 -> -82228.989 | F17: =IF(E17>0,B17,"") | H17: ='Q.2)(i)'!C15 -> 0.0674 | I17: =C17/(1+H17)^B17 -> 60355.125 | J17: =J16+I17 -> -161968.75 | K17: =IF(J17>0,B17,"")
B18: =B17+0.5 -> 6 | C18: ='Q.2)(ii)'!F18 -> 49646.458 | E18: =E17+C18 -> -32582.531 | F18: =IF(E18>0,B18,"") | H18: ='Q.2)(i)'!C16 -> 0.067 | I18: =C18/(1+H18)^B18 -> 33643.545 | J18: =J17+I18 -> -128325.2 | K18: =IF(J18>0,B18,"")
... B30: =B29+0.5 -> 12 | C30: ='Q.2)(ii)'!F30 -> 97064.12 | E30: =E29+C30 -> 1316220.1 | F30: =IF(E30>0,B30,"") -> 12 | H30: ='Q.2)(i)'!C28 -> 0.0724 | I30: =C30/(1+H30)^B30 -> 41954.356 | J30: =J29+I30 -> 587753.53 | K30: =IF(J30>0,B30,"") -> 12
E32: Payback period | F32: =MIN(F6:F30) -> 6.5 | G32: Marks 2 | J32: DPP | K32: =MIN(K6:K30) -> 7.5 | L32: Marks 2
